 Dungeon Crawl Stone Soup version 0.30-a0-339-g89bb51ec76 (webtiles) character file.

Game seed: 16561233034947635645

1655 lunkers the Grappler (level 9, 0/71 (72) HPs)
             Began as a Meteoran Fighter on Nov 1, 2022.
             Was a Follower of Okawaru.
             Slain by a wight
             ... wielding a +5 war axe of freezing
              (2 damage)
             ... on level 7 of the Dungeon.
             The game lasted 00:06:51 (2507 turns).

lunkers the Grappler (Meteoran Fighter)             Turns: 2507, Time: 00:06:52

HP:   0/71 (72)     AC: 14    Str: 18    XL:     9   Next: 43%
MP:   12/13         EV: 11    Int: 15    God:    Okawaru [*.....]
Gold: 231           SH:  6    Dex: 13    Spells: 8/8 levels left

rFire   . . .      SeeInvis .      - Unarmed
rCold   . . .      Faith    .    b - +0 buckler
rNeg    + . .      Spirit   .    a - +1 scale mail
rPois   .          Reflect  .    v - +0 helmet
rElec   .          Harm     .    c - +2 cloak {Will+}
rCorr   .          Rampage  .    (no gloves)
Will    ++...                    (no boots)
Stlth   +.........               (no amulet)
HPRegen 0.31/turn                m - ring of positive energy
MPRegen 0.13/turn                (no ring)

@: heroic, glowing, lightly drained
A: sense surroundings 2, otherworldly, glowing, explore regen
a: Renounce Religion, Heroism


You were on level 7 of the Dungeon.
You worshipped Okawaru.
Okawaru was aware of your devotion.
You visited 2 branches of the dungeon, and saw 8 of its levels.

You collected 231 gold pieces.

Inventory:

Missiles
 h - 2 throwing nets
Armour
 a - a +1 scale mail (worn)
 b - a +0 buckler (worn)
 c - a +2 cloak of willpower (worn)
 v - a +0 helmet (worn)
Jewellery
 m - a ring of positive energy (left hand)
 p - a ring of ice
Wands
 t - a wand of polymorph (5)
 w - a wand of flame (12)
Scrolls
 d - 3 scrolls of teleportation
 f - 2 scrolls of fog
 g - 2 scrolls of enchant armour
Potions
 e - a potion of lignification {unknown}
 i - a potion of flight {unknown}
 j - 2 potions of mutation
 k - a potion of might
 l - a potion of cancellation {unknown}
 n - a potion of ambrosia {unknown}
 o - a potion of curing {unknown}
 r - a potion of invisibility {unknown}
 s - 2 potions of heal wounds
 u - 2 potions of magic {unknown}
 A - a potion of brilliance {unknown}


   Skills:
 + Level 4.5(9.5) Fighting
 - Level 3.6(8.6) Armour
 - Level 3.6(8.6) Shields
 + Level 12.3(17.3) Unarmed Combat
 - Level 4.0 Invocations


You had 8 spell levels left.
You didn't know any spells.
Your spell library contained the following spells:

 Spells                   Type           Power      Damage    Failure   Level
 Cigotuvi's Dreadful Rot  Necr/Pois/Air  0%         N/A       80%         2
 Ensorcelled Hibernation  Hex/Ice        0%         N/A       80%         2
 Passwall                 Tmut/Erth      0%         N/A       80%         2
 Poisonous Vapours        Pois/Air       0%         N/A       80%         2
 Mephitic Cloud           Conj/Pois/Air  0%         N/A       95%         3
 Swiftness                Air            0%         N/A       95%         3
 Borgnjor's Revivificati  Necr           0%         N/A       100%        8
 Necromutation            Tmut/Necr      0%         N/A       100%        8
 Death's Door             Necr           0%         N/A       100%        9


Dungeon Overview and Level Annotations

Branches:
Dungeon (7/15) Zot: 1848   Temple (1/1) D:5 Zot: 492

Altars:
Ashenzari
Cheibriados
Dithmenos
Elyvilon
Fedhas
Hepliaklqana
Kikubaaqudgha
Makhleb
Nemelex Xobeh
Okawaru
Qazlal
Ru
Sif Muna
Trog
Uskayaw
Vehumet
Wu Jian
Xom
Yredelemnul
Zin
The Shining One

Shops:
D:3 [   D:7 =

Annotations:
D:5 2 runed translucent doors, p00ps00p's ghost, novice HOFi


Innate Abilities, Weirdness & Mutations

You passively map the area around you.
You are easily found by Zot.
You glow in the dark.
You regain HP and MP as you explore.


Message History

The wight closely misses you. The wight barely misses you.
You hit the wight.
You destroy the wight!
Okawaru accepts your kill.
The wight hits you with a +2 flail of freezing!
* * * LOW HITPOINT WARNING * * *
The wight freezes you.
* * * LOW HITPOINT WARNING * * *
Your life force feels restored.
You punch the wight!
The wight is almost destroyed.
You closely miss the wight.
The wight is almost destroyed.
The wight hits you with a +5 war axe of freezing!
* * * LOW HITPOINT WARNING * * *
The wight freezes you.
* * * LOW HITPOINT WARNING * * *
The wight hits you but does no damage.
You pummel the wight!!
You destroy the wight!
Okawaru accepts your kill.
The wight hits you with a +5 war axe of freezing.
* * * LOW HITPOINT WARNING * * *
The wight freezes you.
* * * LOW HITPOINT WARNING * * *
You hit the wight.
The wight is moderately damaged.
The wight hits you with a +5 war axe of freezing.
* * * LOW HITPOINT WARNING * * *
You partially resist.
You feel drained. The wight freezes you.
* * * LOW HITPOINT WARNING * * *
You hit the wight.
The wight is moderately damaged.
You completely miss the wight.
The wight is moderately damaged.
You block the wight's attack.
You hit the wight but do no damage.
The wight is moderately damaged.
The wight hits you with a +5 war axe of freezing.
You die...

,, * * * *
###.# ,
##....#*
##......., #.
###..##....
#.#####..##....
#...###....#..#
* #....∩z....#
#....@##.#** ,
####..##.# ,
###..##.#
####.# # * *
#<..#,, * *
#.### ,, , #.#
* * > , * #.# ^
* ..#


You could see a wight.

Vanquished Creatures
  Grinder (D:4)
  Edmund (D:5)
  A water moccasin (D:7)
  Duvessa (D:5)
  A black bear (D:6)
  2 ogres (D:4)
  A gnoll sergeant (D:6)
  2 bullfrogs (D:6)
  A necrophage (D:6)
  2 wights (D:7)
  Dowan (D:5)
  2 hounds
  Crazy Yiuf (D:3)
  3 iguanas
  Natasha (twice) (D:2)
  2 orc wizards (D:4)
  Robin (D:4)
  8 gnolls
  3 adders
  A worm (D:2)
  2 dart slugs
  10 orcs
  11 bats
  3 endoplasms
  A giant cockroach (D:2)
  16 goblins
  5 hobgoblins
  7 jackals
  2 quokkas
  9 ball pythons
  11 kobolds
  5 rats
119 creatures vanquished.

Notes
Turn   | Place    | Note
-------+----------+-------------------------------------------
     0 | D:1      | lunkers the Meteoran Fighter began the quest for the Orb.
     0 | D:1      | Reached XP level 1. HP: 19/19 MP: 2/2
   234 | D:1      | Reached skill level 3 in Unarmed Combat
   234 | D:1      | Reached XP level 2. HP: 26/26 MP: 3/3
   414 | D:2      | Reached XP level 3. HP: 31/31 MP: 4/4
   446 | D:2      | Reached skill level 4 in Unarmed Combat
   648 | D:2      | Found a faded altar of an unknown god.
   681 | D:2      | Noticed Natasha
   684 | D:2      | Reached XP level 4. HP: 36/38 MP: 5/5
   690 | D:2      | Killed Natasha
   691 | D:2      | Reached skill level 5 in Unarmed Combat
   695 | D:2      | Noticed Natasha
   713 | D:2      | Killed Natasha
   714 | D:2      | Reached XP level 5. HP: 29/45 MP: 6/6
   840 | D:3      | Reached skill level 6 in Unarmed Combat
   850 | D:3      | Found Kaxkurch's Armour Boutique.
   897 | D:3      | Noticed Robin
  1154 | D:3      | Found a runed translucent door.
  1155 | D:3      | Noticed Crazy Yiuf
  1162 | D:3      | Killed Crazy Yiuf
  1163 | D:3      | Reached XP level 6. HP: 13/51 MP: 7/7
  1330 | D:4      | Noticed an ogre
  1339 | D:4      | Killed an ogre
  1340 | D:4      | Reached skill level 7 in Unarmed Combat
  1462 | D:4      | Reached skill level 8 in Unarmed Combat
  1462 | D:4      | Reached XP level 7. HP: 31/57 MP: 8/8
  1539 | D:4      | Killed Robin
  1599 | D:4      | Noticed Grinder
  1610 | D:4      | Killed Grinder
  1611 | D:4      | Reached skill level 9 in Unarmed Combat
  1611 | D:4      | Reached XP level 8. HP: 47/63 MP: 9/9
  1725 | D:5      | Entered Level 5 of the Dungeon
  1735 | D:5      | Reached skill level 10 in Unarmed Combat
  1807 | D:5      | Noticed Dowan
  1808 | D:5      | Noticed Duvessa
  1824 | D:5      | Killed Duvessa
  1830 | D:5      | Killed Dowan
  1875 | D:5      | Found a runed translucent door.
  1875 | D:5      | Noticed p00ps00p's ghost (novice HOFi)
  1920 | D:5      | Found a runed translucent door.
  1935 | D:5      | Found a staircase to the Ecumenical Temple.
  1972 | Temple   | Entered the Ecumenical Temple
  2071 | Temple   | Became a worshipper of Warmaster Okawaru
  2093 | D:5      | Noticed Edmund
  2116 | D:5      | Killed Edmund
  2160 | D:5      | Reached skill level 11 in Unarmed Combat
  2224 | D:6      | Gained mutation: You passively map the area around you.
                  | [Meteoran growth]
  2224 | D:6      | Reached XP level 9. HP: 22/70 MP: 12/12
  2363 | D:6      | Reached * piety under Okawaru
  2466 | D:6      | Reached skill level 12 in Unarmed Combat
  2482 | D:7      | Found Heargh's Jewellery Shoppe.
  2504 | D:7      | HP: 3/72 [wight/+5 war axe of freezing (5)]
  2504 | D:7      | HP: 1/71 [wight/+5 war axe of freezing (2)]
  2507 | D:7      | Slain by a wight

Illustrated notes

Levels and vault maps discovered:
D:1:      dpeg_arrival_long_road, layout_basic
D:2:      minmay_evil_eye, layout_basic, ebering_ecumenical_altar_box,
          uniq_natasha
D:3:      layout_rooms, serial_shops, nicolae_shop_statue_plus,
          uniq_crazy_yiuf_cottage, uniq_robin
D:4:      layout_basic, kennysheep_generic_room_16, uniq_grinder
D:5:      layout_rooms, minmay_temple_entry_statues, ebering_ghost_sewer_f,
          kennysheep_generic_room_7, uniq_duvessa, uniq_edmund
D:6:      layout_basic, serial_glass, glass_columns_a, glass_columns_a
D:7:      statuecave_lemuel, layout_rooms, serial_shops, nicolae_square_shop,
          shop, shop, shop_statue, shop
Temple:   grunt_wide_crystal_templ

Skill      XL: |  1  2  3  4  5  6  7  8  9 |
---------------+----------------------------+-----
Unarmed Combat | 3 4 5 6 8 9 11 12 | 12.3
Invocations    | 3 4 |  4.0
Fighting       | 4 |  4.5
Armour         | |  3.6
Shields        | |  3.6

Action                   |  1- 3 |  4- 6 |  7- 9 || total
-------------------------+-------+-------+-------++-------
Melee: Unarmed           |   113 |   199 |   182 ||   494
Invok: Heroism           |       |       |     1 ||     1
  Use: Scroll            |       |     3 |    10 ||    13
       Potion            |       |     1 |       ||     1
Armor: Scale mail        |    47 |    76 |    84 ||   207
Dodge: Dodged            |    42 |    65 |    54 ||   161
Block: Buckler           |    32 |    49 |    38 ||   119

Table legend: (Time is in decaauts)
 A = Elapsed time spent in this place.
 B = Non-inter-level travel time spent in this place.
 C = Inter-level travel time spent in this place.
 D = Time resting spent in this place.
 E = Time spent auto-exploring this place.
 F = Levels seen in this place.
 G = Mean time per level.
                   A        B        C        D        E       F      G
               +--------+--------+--------+--------+--------+-----+--------+
         Total |   2458 |   2290 |    168 |      0 |   1403 |   8 |  307.2 |
       Dungeon |   2350 |   2200 |    150 |      0 |   1366 |   7 |  335.7 |
        Temple |    107 |     89 |     18 |      0 |     37 |   1 |  107.0 |
               +--------+--------+--------+--------+--------+-----+--------+

Top non-repeatable levels by time:
     D:3: 475 daAuts
     D:4: 463 daAuts
     D:2: 438 daAuts
     D:5: 332 daAuts
     D:1: 324 daAuts
     D:6: 296 daAuts
  Temple: 107 daAuts
     D:7: 21 daAuts
